 Dungeon Crawl Stone Soup version 0.28-a0-1616-g050a50673c (webtiles) character file.

Game seed: 1648669690111576251

273 fragbeetle the Chiller (level 6, -2/44 HPs)
             Began as a Merfolk Ice Elementalist on Jan 23, 2022.
             Killed from afar by an orc wizard (12 damage)
             ... with a puff of flame
             ... on level 4 of the Dungeon.
             The game lasted 00:10:33 (4953 turns).

fragbeetle the Chiller (Merfolk Ice Elementalist)   Turns: 4953, Time: 00:10:35

Health: -2/44      AC:  3    Str: 10    XL:     6   Next: 23%
Magic:  4/9        EV: 13    Int: 14    God:
Gold:   166        SH:  0    Dex: 15    Spells: 2/9 levels left

rFire   . . .      SeeInvis .   p - +0 trident
rCold   + . .      Faith    .   (no shield)
rNeg    + . .      Spirit   .   a - +0 robe
rPois   .          Reflect  .   (no helmet)
rElec   .          Harm     .   (no cloak)
rCorr   .          Rampage  .   (no gloves)
Will    .....                   m - +0 pair of boots
Stlth   ++........              (no amulet)
HPRegen 0.14/turn               b - ring of positive energy
MPRegen 0.11/turn               d - ring of protection from cold

@: lethally poisoned (-2 -> -8)
A: (nimble swimmer 2), mertail
a: no special abilities


You were on level 4 of the Dungeon.
You visited 1 branch of the dungeon, and saw 4 of its levels.

You collected 166 gold pieces.

Inventory:

Hand Weapons
 p - a +0 trident (weapon)
 q - a +0 halberd
Armour
 a - a +0 robe (worn)
 m - a +0 pair of boots (worn)
Jewellery
 b - a ring of positive energy (left hand)
 d - a ring of protection from cold (right hand)
Wands
 h - a wand of paralysis (11)
Scrolls
 e - a scroll of holy word {unknown}
 i - 5 scrolls of identify {unknown}
 j - 2 scrolls of fear {unknown}
 l - a scroll of vulnerability {unknown}
 n - a scroll of fog {unknown}
 t - a scroll of magic mapping {unknown}
Potions
 c - a potion of attraction {unknown}
 f - a potion of mutation {unknown}
 g - a potion of heal wounds {unknown}
 k - 3 potions of curing {unknown}
 o - a potion of flight {unknown}
 r - a potion of ambrosia {unknown}
 s - a potion of might {unknown}


   Skills:
 + Level 2.2 Fighting
 * Level 3.7 Polearms
 + Level 4.2 Dodging
 + Level 3.5 Stealth
 - Level 2.0 Spellcasting
 * Level 5.7 Ice Magic


You had 2 spell levels left.
You knew the following spells:

 Your Spells              Type           Power      Damage    Failure   Level
a - Freeze                Ice            68%        1d8       2%          1
b - Frozen Ramparts       Ice            34%        1d5       7%          3
c - Ozocubu's Armour      Ice            17%        N/A       7%          3

Your spell library contained the following spells:

 Spells                   Type           Power      Damage    Failure   Level
 Corpse Rot               Necr/Air       2%         N/A       34%         2
 Poisonous Vapours        Pois/Air       2%         N/A       34%         2
 Sublimation of Blood     Necr           1%         N/A       34%         2
 Wereblood                Tmut           1%         N/A       34%         2
 Hailstorm                Conj/Ice       9%         3d4       58%         4
 Summon Forest            Summ/Tloc      0%         N/A       100%        5
 Summon Mana Viper        Hex/Summ       1%         N/A       100%        5
 Summon Cactus Giant      Summ           0%         N/A       100%        6
 Summon Hydra             Summ           0%         N/A       100%        7


Dungeon Overview and Level Annotations

Branches:
Dungeon (4/15)
 Temple: D:4-7

Altars:
Lugonu

Shops:
D:2 (

Portals:
Abyss: D:3

Annotations:
D:3 2 runed translucent doors


Innate Abilities, Weirdness & Mutations

((You are very nimble when in or above water. (Stealth+, EV+, Speed+++)))
Your lower body shifts to a powerful aquatic tail in water.


Message History

Casting: Frozen Ramparts (dangerous; 7% risk of failure)
Press: ? - help, Dir - look around, f - activate The walls around you are covered in ice.
The howler monkey howls!
The wall freezes the orc wizard.
The orc wizard gestures wildly while chanting.
The orc wizard flickers and vanishes!
Deactivating autopickup; reactivate with Ctrl-A.
Reach: p) +0 trident
Press: ? - help, Dir - move target You reach to attack!
You miss something.
The wall freezes something.
You hear some strange, mumbled words.
A puff of flame appears from out of thin air!
The puff of flame hits you!
The howler monkey hoots and howls with incredible vigour!
You hear a shout! x2; You hear an angry hiss.
Reach: p) +0 trident
Press: ? - help, Dir - move target You reach to attack!
You hit something.
The wall freezes something.
A magic dart appears from out of thin air!
The magic dart hits you!
Unknown command.
Reach: p) +0 trident
Press: ? - help, Dir - move target You reach to attack!
You miss something.
The wall freezes something.
Unknown command.
Reach: p) +0 trident
Press: ? - help, Dir - move target You miss something.
The wall freezes something.
Something hits you.
* * * LOW HITPOINT WARNING * * *
You are poisoned.
The wall freezes the howler monkey.
The wall freezes something.
Something barely misses you.
The frozen ramparts melt away as you move.
You feel sick.
The howler monkey hoots and howls with incredible vigour!
You hear some strange, mumbled words.
A puff of flame appears from out of thin air!
The puff of flame hits you!
You die...

#....#.####.#+#.#
#.#
#....#...........
#.# .
######.#####..
#.# . #..# #.# .
##.# #.# . #.#
#.# . #.# ## ##.#
. #)# ..# #... .
#@#...# #... .
#.....# #... .
##{h..# #... .
....# ##+# .
....# # . ....# .
....# ##'## .#


You could see a howler monkey (catching breath).

Vanquished Creatures
  A water moccasin skeleton (D:2)
  7 gnolls
  5 adders
  2 adder skeletons (D:2)
  3 worms
  3 dart slugs (D:2)
  6 orcs
  A bat skeleton (D:2)
  A bat zombie (D:2)
  10 endoplasms
  6 giant cockroaches
  6 goblins
  3 hobgoblins
  4 jackals
  4 quokkas
  3 ball pythons
  A ball python skeleton (D:2)
  A ball python zombie (D:2)
  6 bats
  A frilled lizard (D:3)
  7 kobolds
  A quokka skeleton (D:2)
  11 rats
93 creatures vanquished.

Vanquished Creatures (others)
  2 fungi (D:3)
  A plant (D:3)
  A withered plant (D:2)
4 creatures vanquished.

Grand Total: 97 creatures vanquished

Notes
Turn   | Place    | Note
-------+----------+-------------------------------------------
     0 | D:1      | fragbeetle the Merfolk Ice Elementalist began the quest for
                  | the Orb.
     0 | D:1      | Reached XP level 1. HP: 13/13 MP: 3/3
     1 | D:1      | Found a runed translucent door.
   210 | D:1      | Reached XP level 2. HP: 20/20 MP: 5/5
   781 | D:2      | Found Arorut's Antique Weapon Shoppe.
  1181 | D:2      | Reached skill level 1 in Fighting
  1181 | D:2      | Reached XP level 3. HP: 19/26 MP: 1/6
  1192 | D:2      | Learned a level 3 spell: Frozen Ramparts
  1480 | D:2      | Reached skill level 5 in Ice Magic
  1613 | D:2      | Reached skill level 1 in Polearms
  1618 | D:2      | Reached XP level 4. HP: 29/32 MP: 2/7
  1663 | D:2      | Learned a level 3 spell: Ozocubu's Armour
  2014 | D:2      | Reached XP level 5. HP: 17/37 MP: 5/8
  3584 | D:3      | Found a large runed translucent door.
  3584 | D:3      | Found a large runed translucent door.
  3584 | D:3      | Found a corrupted altar of Lugonu.
  3985 | D:3      | Found a one-way gate to the infinite horrors of the Abyss.
  4002 | D:3      | Found a faded altar of an unknown god.
  4115 | D:3      | Reached XP level 6. HP: 42/44 MP: 9/9
  4953 | D:4      | Killed from afar by an orc wizard

Illustrated notes

Levels and vault maps discovered:
D:1:      dpeg_arrival_caged_fury, layout_rooms, minmay_heptomino_d4
D:2:      wad_crossroads, layout_loops_ring, serial_shops,
          nicolae_shop_statue_plus, serial_undead, serial_undead_c,
          serial_undead_a, serial_undead_e, serial_undead_b, serial_undead_e,
          serial_undead_a
D:3:      due_chaos_kobolds, layout_loops_corners,
          shapermc_ecumenical_altar_ellora
D:4:      layout_basic, gammafunk_ghost_cemetery, gup_ossuary_entry_pyramid

Skill      XL: |  1  2  3  4  5 |
---------------+----------------+-----
Dodging        | 3 4 |  4.2
Fighting       | 1 2 |  2.2
Ice Magic      | 5 |  5.7
Polearms       | 1 2 3 |  3.7
Stealth        | 3 |  3.5
Spellcasting   | |  2.0

Action                   |  1- 3 |  4- 6 || total
-------------------------+-------+-------++-------
Melee: Unarmed           |     6 |       ||     6
       Short sword       |    22 |       ||    22
       Spear             |    13 |   116 ||   129
       Whip              |     8 |       ||     8
       Punch             |     1 |     5 ||     6
       Trident           |       |    56 ||    56
 Cast: Freeze            |    28 |    41 ||    69
       Frozen Ramparts   |     2 |    11 ||    13
       Ozocubu's Armour  |       |     1 ||     1
 Stab: Sleeping          |     3 |    12 ||    15
Armor: Robe              |    10 |    38 ||    48
Dodge: Dodged            |    61 |   117 ||   178

Table legend: (Time is in decaauts)
 A = Elapsed time spent in this place.
 B = Non-inter-level travel time spent in this place.
 C = Inter-level travel time spent in this place.
 D = Time resting spent in this place.
 E = Time spent auto-exploring this place.
 F = Levels seen in this place.
 G = Mean time per level.
                   A        B        C        D        E       F      G
               +--------+--------+--------+--------+--------+-----+--------+
         Total |   4967 |   4733 |    234 |   1370 |   2299 |   4 | 1241.8 |
       Dungeon |   4967 |   4733 |    234 |   1370 |   2299 |   4 | 1241.8 |
               +--------+--------+--------+--------+--------+-----+--------+

Top non-repeatable levels by time:
     D:2: 1988 daAuts
     D:1: 1424 daAuts
     D:3: 1357 daAuts
     D:4: 197 daAuts
